 Dungeon Crawl Stone Soup version 0.17-a0-1-g1f4be75 (webtiles) character file.

186 Malachi the Changer (level 5, -7/39 HPs)
             Began as a Demigod Transmuter on Mar 9, 2015.
             Mangled by a mummy (14 damage)
             ... in an ossuary.
             The game lasted 00:08:15 (3611 turns).

Malachi the Changer (Demigod Transmuter)            Turns: 3611, Time: 00:08:16

Health: -7/39      AC:  2    Str: 18    XL:     5   Next: 15%
Magic:  10/12      EV: 21    Int: 19    God:
Gold:   130        SH:  0    Dex: 21    Spells: 3 memorised, 2 levels left

rFire  . . .     SeeInvis .       - Unarmed
rCold  . . .     Clarity  .     c - melded +0 robe (curse)
rNeg   . . .     SustAb   +     (shield currently unavailable)
rPois  x         Gourm    .     (helmet currently unavailable)
rElec  .         Spirit   .     o - melded +1 cloak
rCorr  .         Warding  .     (gloves currently unavailable)
rMut   .         Stasis   .     (boots currently unavailable)
MR     .....                    (no amulet)
Stlth  ++........               (no ring)
                                (no ring)

@: mighty, spider-form (expiring), not resistant to hostile enchantments,
unstealthy
A: sustain abilities
a: End Transformation


You were in an ossuary.
You were not hungry.
You were a venomous arachnid creature.
You visited 1 branch of the dungeon, and saw 4 of its levels.
You also visited: Ossuary.

You collected 130 gold pieces.

Inventory:

Missiles
 b - 30 arrows
 g - 15 arrows of frost
 h - 12 poisoned needles
Armour
 c - a cursed +0 robe (melded)
 o - a +1 cloak (melded)
Magical devices
 m - a wand of draining (5)
 q - a wand of random effects (29)
Scrolls
 i - a scroll of blinking {unknown}
 l - a scroll of remove curse
 p - a scroll of identify
 r - a scroll of amnesia
Potions
 f - a potion of might
 j - a potion of flight
Books
 d - a book of Changes

   Spells                             Type                      Level
   a - Beastly Appendage              Transmutation                1
   b - Sticks to Snakes               Transmutation                2
   c - Spider Form                    Transmutation/Poison         3
   d - Ice Form                       Ice/Transmutation            4
   e - Blade Hands                    Transmutation                5
 e - a book of Ice

   Spells                             Type                      Level
   a - Ice Form                       Ice/Transmutation            4
   b - Metabolic Englaciation         Hexes/Ice                    5
   c - Ozocubu's Refrigeration        Ice                          6
   d - Bolt of Cold                   Conjuration/Ice              6
   e - Freezing Cloud                 Conjuration/Ice/Air          6
   f - Simulacrum                     Ice/Necromancy               6
Comestibles
 a - 5 bread rations
 k - a meat ration


   Skills:
 - Level 0.8 Fighting
 - Level 2.4 Dodging
 - Level 0.2 Stealth
 - Level 3.1 Unarmed Combat
 - Level 2.2 Spellcasting
 * Level 3.6 Transmutations
 * Level 1.7 Poison Magic


You had 2 spell levels left.
You knew the following spells:

 Your Spells              Type           Power        Failure   Level  Hunger
a - Beastly Appendage     Trmt           ###...       14%         1    #......
b - Sticks to Snakes      Trmt           ###.......   21%         2    ##.....
c - Spider Form           Trmt/Pois      ##........   36%         3    ###....


Dungeon Overview and Level Annotations

Branches:
Dungeon (4/15)
 Temple: D:4-7


Innate Abilities, Weirdness & Mutations

Your attributes are resistant to harm.


Message History

The mummy is almost destroyed.
The mummy closely misses you. The mummy hits you!
The mummy completely misses you.
You hit the mummy.
You destroy the mummy!
You feel nervous for a moment...
Your +0 robe glows black for a moment.
You hit the mummy but do no damage.
The mummy is heavily damaged.
The mummy hits you!
* * * LOW HITPOINT WARNING * * *
The mummy barely misses you.
You hit the mummy but do no damage.
The mummy is heavily damaged.
Your transformation is almost over.
The mummy hits you but does no damage.
Drink which item? (? for menu, Esc to quit)
You feel very mighty all of a sudden. The mummy hits you!
You die...

#########
#+#+#.......###
..............##
........MM......#
.......^s^∩.....#
................#
..............##
#+#+#.......###
#########


You could see 2 mummies.

Vanquished Creatures
  Ijyb (D:2)
  A mummy (Ossuary)
  5 adders
  A giant mite (D:4)
  4 worms
  3 giant geckos
  An ooze (D:1)
  An orc (D:3)
  6 giant cockroaches
  7 hobgoblins
  7 kobolds
  11 bats
  A giant gecko skeleton (D:4)
  5 giant newts
  11 goblins
  6 rats
71 creatures vanquished.

Vanquished Creatures (collateral kills)
  An adder (D:1)
  A worm (D:2)
  A goblin (D:2)
3 creatures vanquished.

Grand Total: 74 creatures vanquished

Notes
Turn   | Place    | Note
--------------------------------------------------------------
     0 | D:1      | Malachi, the Demigod Transmuter, began the quest for the Orb.
     0 | D:1      | Reached XP level 1. HP: 15/15 MP: 3/3
   230 | D:1      | Reached skill level 3 in Unarmed Combat
   240 | D:1      | Reached XP level 2. HP: 7/22 MP: 3/5
   495 | D:1      | Learned a level 2 spell: Sticks to Snakes
   937 | D:2      | Reached XP level 3. HP: 13/27 MP: 1/8
  1393 | D:2      | Learned a level 3 spell: Spider Form
  2214 | D:2      | Found a burning altar of Makhleb.
  2214 | D:2      | Noticed Ijyb
  2224 | D:2      | Killed Ijyb
  2224 | D:2      | Reached XP level 4. HP: 34/34 MP: 7/10
  2497 | D:3      | Reached skill level 1 in Poison Magic
  3095 | D:3      | HP: 2/51 [poisoned by an adder]
  3472 | D:4      | Reached XP level 5. HP: 36/39 MP: 10/12
  3566 | D:4      | Found a sand-covered staircase.
  3593 | Ossuary  | Entered an ossuary
  3611 | Ossuary  | Mangled by a mummy

Action                   |  1- 3 |  4- 6 || total
-------------------------+-------+-------++-------
Melee: Unarmed           |   138 |   128 ||   266
 Cast: Beastly Appendage |    18 |    12 ||    30
       Sticks to Snakes  |     4 |       ||     4
       Spider Form       |     3 |     2 ||     5
  Use: Potion            |     2 |     2 ||     4
       Scroll            |       |     8 ||     8
 Stab: Sleeping          |       |     3 ||     3
  Eat: Chunk             |     5 |     5 ||    10
